 Dungeon Crawl Stone Soup version 0.17-a0-1103-ga40c899 (webtiles) character file.

528 Onimusha113 the Slasher (level 7, -2/55 HPs)
             Began as a Human Fighter on May 21, 2015.
             Slain by Prince Ribbit (5 damage)
             ... on level 5 of the Dungeon.
             The game lasted 00:44:17 (4497 turns).

Onimusha113 the Slasher (Human Fighter)             Turns: 4497, Time: 00:44:17

Health: -2/55      AC: 15    Str: 18    XL:     7   Next: 48%
Magic:  7/7        EV:  3    Int:  8    God:
Gold:   70         SH: 10    Dex: 16    Spells: 0 memorised, 6 levels left

rFire  . . .     SeeInvis .     a - +1 long sword
rCold  . . .     Clarity  .     e - +0 plate armour
rNeg   . . .     SustAb   .     c - +0 shield
rPois  .         Gourm    .     w - +0 helmet
rElec  .         Spirit   .     s - +0 cloak
rCorr  .         Warding  .     (no gloves)
rMut   .         Stasis   +     k - +0 pair of boots
MR     .....                    z - amulet of stasis
Stlth  ..........               l - +3 ring of dexterity
                                y - ring of flight

@: not resistant to hostile enchantments, extremely unstealthy
A: no striking features
a: Evoke Flight


You were on level 5 of the Dungeon.
You were not hungry.

You visited 1 branch of the dungeon, and saw 5 of its levels.

You collected 242 gold pieces.
You spent 172 gold pieces at shops.

Inventory:

Hand weapons
 a - a +1 long sword (weapon)
 b - a +0 hand axe
Armour
 c - a +0 shield (worn)
 e - a +0 plate armour (worn)
 k - a +0 pair of boots (worn)
 n - a +0 chain mail
 s - a +0 cloak (worn)
 u - a +0 ring mail of fire resistance
 w - a +0 helmet (worn)
Jewellery
 l - a +3 ring of dexterity (right hand)
 m - a +2 ring of evasion
 o - an uncursed ring of protection from magic
 t - an uncursed ring of protection from magic
 y - a ring of flight (left hand)
 z - an amulet of stasis (around neck)
Scrolls
 f - 6 scrolls of teleportation
 g - a scroll of random uselessness
 h - 2 scrolls of identify
 i - 6 scrolls of remove curse
 q - a scroll of fear
 A - 2 scrolls of magic mapping
Potions
 d - a potion of might
 r - a potion of agility
 v - 3 potions of curing
Comestibles
 j - a meat ration
 p - a bread ration


   Skills:
 + Level 4.3 Fighting
 * Level 5.0 Long Blades
 + Level 4.4 Armour
 + Level 4.6 Shields


You had 6 spell levels left.
You didn't know any spells.

Dungeon Overview and Level Annotations

Branches:
Dungeon (5/15)
 Temple: D:4-7

Altars:
Ashenzari
Cheibriados

Shops:
D:4 *

Annotations:
D:5 Prince Ribbit


Message History

Prince Ribbit is severely wounded.
Prince Ribbit barely misses you.
Prince Ribbit hits you but does no damage.
You closely miss Prince Ribbit.
Prince Ribbit is severely wounded.
You block Prince Ribbit's attack.
You hit Prince Ribbit.
Prince Ribbit is severely wounded.
Prince Ribbit hits you. Prince Ribbit hits you!
* * * LOW HITPOINT WARNING * * *
Prince Ribbit momentarily phases out as your attack passes through him.
Prince Ribbit is severely wounded.
Prince Ribbit hits you!
* * * LOW HITPOINT WARNING * * *
Prince Ribbit mumbles some strange words.
Prince Ribbit looks slightly unstable.
You closely miss Prince Ribbit.
Prince Ribbit is severely wounded.
Prince Ribbit hits you.
You die...

#..##.# ####.#.## #..#..##
#.#.# #......## #.#.#
#...P...# #.... ##..P♣..#
##... #..♣♣...# ...
#...♣...# ##......
...#########......###<......
..........F@........+.......
...#########.#.....#......
#.##..8...8... #.###...#...#
#.# ##.###.## #
#.###...#...#...#
#.....8...8...8.#
#.##....#...#...#
#.##...###.###.##


You could see Prince Ribbit.

Vanquished Creatures
  The ghost of Onimusha113 the Shield-Bearer, an average HuFi (D:3)
  A hound (D:4)
  2 orc priests (D:4)
  3 orc wizards (D:4)
  2 worker ants (D:4)
  6 adders
  7 gnolls
  An ooze (D:4)
  3 worms
  3 giant geckos
  8 orcs
  2 ball pythons
  10 bats
  11 giant cockroaches
  7 goblins
  9 hobgoblins
  10 jackals
  9 kobolds
  A quokka (D:4)
  A ball python skeleton (D:4)
  6 giant newts
  A quokka skeleton (D:4)
  8 rats
112 creatures vanquished.

Vanquished Creatures (others)
  A kobold (D:4)
1 creature vanquished.

Grand Total: 113 creatures vanquished

Notes
Turn   | Place    | Note
--------------------------------------------------------------
     0 | D:1      | Onimusha113 the Human Fighter began the quest for the Orb.
     0 | D:1      | Reached XP level 1. HP: 18/18 MP: 1/1
   171 | D:1      | Reached XP level 2. HP: 21/24 MP: 2/2
   582 | D:1      | Reached XP level 3. HP: 27/29 MP: 3/3
  1044 | D:2      | Reached XP level 4. HP: 32/35 MP: 4/4
  1408 | D:2      | Found a snail-covered altar of Cheibriados.
  1476 | D:2      | Found a shattered altar of Ashenzari.
  1861 | D:2      | Reached XP level 5. HP: 36/41 MP: 5/5
  2415 | D:3      | Noticed Onimusha113's ghost (average HuFi)
  2441 | D:3      | Killed Onimusha113's ghost
  2441 | D:3      | Reached XP level 6. HP: 32/48 MP: 6/6
  2444 | D:3      | Reached skill level 4 in Shields
  3070 | D:4      | Found a glowing drain.
  3155 | D:4      | HP: 2/48 [something (2)]
  3588 | D:4      | Reached XP level 7. HP: 46/54 MP: 7/7
  3808 | D:4      | Found Doci's Desiderata Depot.
  3817 | D:4      | Bought a +3 ring of dexterity for 172 gold pieces
  4241 | D:4      | Reached skill level 5 in Long Blades
  4378 | D:5      | Entered Level 5 of the Dungeon
  4466 | D:5      | Noticed Prince Ribbit
  4497 | D:5      | Slain by Prince Ribbit

Vault maps used:
D:1:      dpeg_arrival_round_c, kennysheep_doodads, corexii_leaking_fountain,
          hangedman_glass_teeth, st_stairs_7
D:2:      lemuel_coloured_pillars_altar, lemuel_doored_altar
D:3:      kennysheep_generic_room_7
D:4:      first_bread, portal_sewer_entry_f, kennysheep_diamond,
          nicolae_alphabet_shops
D:5:      minmay_temple_entry_junction, minmay_misc_feat_four_crosses,
          serial_park_tiny_2, uniq_prince_ribbit1

Action                   |  1- 3 |  4- 6 |  7- 9 || total
-------------------------+-------+-------+-------++-------
Melee: Long sword        |   150 |   319 |   114 ||   583
       Unarmed           |       |     5 |       ||     5
  Use: Potion            |     1 |     5 |     1 ||     7
       Scroll            |       |     6 |     4 ||    10
  Eat: Bread ration      |     1 |     1 |     1 ||     3
       Beef jerky        |       |     1 |     1 ||     2
